 Dungeon Crawl Stone Soup version 0.20-a0-19-gd4fea00 (webtiles) character file.

204212 ennui the Executioner (level 18, -11/176 HPs)
             Began as a Minotaur Berserker on Oct 31, 2016.
             Was a High Priest of Trog.
             Shot with an arrow by a naga sharpshooter (18 damage)
             ... led by Vashnia
             ... on level 1 of the Snake Pit on Nov 6, 2016.
             The game lasted 09:36:31 (54401 turns).

ennui the Executioner (Minotaur Berserker)         Turns: 54401, Time: 09:36:34

Health: -11/176    AC: 22    Str: 33      XL:     18   Next: 0%
Magic:  17/17      EV: 10    Int:  1 (4)  God:    Trog [*****.]
Gold:   1361       SH:  5    Dex: 10      Spells: 0 memorised, 17 levels left

rFire  + . .     SeeInvis .     A - +8 executioner's axe (freeze)
rCold  . . .     Gourm    .     u - +2 chain mail {rPois}
rNeg   . . .     Faith    .     (shield currently unavailable)
rPois  +         Spirit   .     E - +1 hat
rElec  .         Reflect  +     v - +2 cloak {+Inv}
rCorr  .         Harm     .     l - +0 pair of gloves
MR     +....                    (no boots)
Stlth  ..........               H - +5 amulet of reflection
                                s - ring of flight
                                b - ring of Ararusih {rF+ Str+3}

@: exhausted, slowed, lost intelligence, very slow
A: retaliatory headbutt, horns 2
a: Berserk, Trog's Hand, Brothers in Arms, Burn Spellbooks, Renounce Religion,
Evoke Invisibility, Evoke Flight
}: 1/15 runes: decaying


You were on level 1 of the Snake Pit.
You worshipped Trog.
Trog was extremely pleased with you.
You were not hungry.

You visited 7 branches of the dungeon, and saw 31 of its levels.
You visited the Abyss 1 time.
You also visited: Labyrinth and Bailey.

You collected 3421 gold pieces.
You spent 2060 gold pieces at shops.

Inventory:

Hand Weapons
 t - a +3 war axe of flaming
 A - a +8 executioner's axe of freezing (weapon)
 M - the +1 battleaxe "Wusuwn" {chop, rElec}
   (You found it in a labyrinth)

   It inflicts extra damage upon your enemies.
   It insulates you from electricity.
 N - the +4 battleaxe of Cot Feu {chop, MR+ Dex+2}
   (You bought it in a shop on level 2 of the Orcish Mines)

   It inflicts extra damage upon your enemies.
   It affects your dexterity (+2).
   It affects your resistance to hostile enchantments.
Missiles
 m - 8 needles of confusion
 n - 650 stones
 y - 6 javelins (quivered)
Armour
 l - a +0 pair of gloves (worn)
 p - the cursed +1 robe "Kasmuill" {+Fly rF- Str+9 Stlth-, unknown}
   (You found it on level 1 of the Snake Pit)

   It affects your strength (+9).
   It makes you vulnerable to fire.
   It lets you fly.
   It makes you less stealthy.
   It has a curse placed upon it.
 u - a +2 chain mail of poison resistance (worn)
 v - a +2 cloak of invisibility (worn)
 x - the cursed +0 plate armour of Repulsion {rC+ MR- Dex+2 Stlth+}
   (You bought it in a shop on level 2 of the Orcish Mines)

   It affects your dexterity (+2).
   It protects you from cold.
   It affects your resistance to hostile enchantments.
   It makes you more stealthy.
   It has a curse placed upon it.
 E - a +1 hat (worn)
 P - a +0 chain mail of magic resistance
Jewellery
 b - the ring of Ararusih (left hand) {rF+ Str+3}
   (You took it off a minotaur in a labyrinth)

   [ring of protection from fire]

   It affects your strength (+3).
   It protects you from fire.
 r - a +2 ring of protection
 s - a ring of flight (right hand)
 C - an uncursed ring of ice
 G - an uncursed ring of resist corrosion
 H - a +5 amulet of reflection (around neck)
 O - the amulet "Xewk" {Spirit rF++ rN+ Str+2}
   (You found it on level 5 of the Dungeon)

   [amulet of guardian spirit]

   It causes incoming damage to be split between your health and magic.
   It affects your strength (+2).
   It greatly protects you from fire.
   It protects you from negative energy.
 X - an uncursed amulet of rage {unknown}
Wands
 a - a wand of disintegration (13/24)
 e - a wand of flame (30/48)
 o - a wand of teleportation (7/9)
 w - a wand of hasting (5/9)
 z - a wand of iceblast (4/15)
 F - a wand of polymorph (13/24)
 L - a wand of acid (6/15)
 R - a wand of lightning (6/15)
 T - a wand of slowing (25/48)
Scrolls
 f - 2 scrolls of blinking
 g - 7 scrolls of remove curse
 h - a scroll of holy word
 q - a scroll of torment
 B - 2 scrolls of fog
 I - 2 scrolls of identify
 J - 5 scrolls of fear
 K - 3 scrolls of magic mapping
 V - a scroll of enchant weapon
 W - a scroll of teleportation
Potions
 d - a potion of cure mutation
 i - 2 potions of brilliance
 j - 8 potions of curing
 D - 2 potions of flight
 S - 3 potions of cancellation
 U - 3 potions of might
Books
 Y - a book of Power

   Spells                             Type                      Level
   a - Fulminant Prism                Conjuration/Hexes            4
   b - Iskenderun's Mystic Blast      Conjuration                  4
   c - Venom Bolt                     Conjuration/Poison           5
   d - Bolt of Magma                  Conjuration/Fire/Earth       5
   e - Iron Shot                      Conjuration/Earth            6
   f - Orb of Destruction             Conjuration                  7
   g - Spellforged Servitor           Conjuration/Summoning        7
   Trog disapproves of the use of such an item.
 Z - a book of Debilitation

   Spells                             Type                      Level
   a - Corona                         Hexes                        1
   b - Slow                           Hexes                        2
   c - Gell's Gravitas                Hexes/Translocation          3
   d - Inner Flame                    Hexes/Fire                   3
   e - Cause Fear                     Hexes                        4
   f - Leda's Liquefaction            Hexes/Earth                  4
   Trog disapproves of the use of such an item.
Miscellaneous
 k - a phantom mirror
Comestibles
 c - 7 bread rations


   Skills:
 - Level 19.0 Fighting
 - Level 26.0 Axes
 - Level 3.4 Throwing
 + Level 16.2 Armour
 - Level 2.2 Dodging


You had 17 spell levels left.
You didn't know any spells.

Dungeon Overview and Level Annotations

Branches:
Dungeon (15/15)            Temple (1/1) D:7            Lair (6/6) D:11
  Swamp (4/4) Lair:3        Snake (2/4) Lair:4        Slime (0/5) Lair:6
    Orc (2/2) D:12            Elf (1/3) Orc:2        Vaults (0/5) D:14
 Depths (0/5) D:15

Altars:
Ashenzari
Cheibriados
Dithmenos
Elyvilon
Fedhas
Gozag
Hepliaklqana
Kikubaaqudgha
Makhleb
Nemelex Xobeh
Okawaru
Qazlal
Ru
Sif Muna
Trog
Uskayaw
Vehumet
Xom
Yredelemnul
Zin
The Shining One

Shops:
D:8 :!(*   Orc:2 (=*[   Elf:1 (   Snake:2 %

Annotations:
Swamp:4 exclusions: ice statue and 1 more exclusion


Innate Abilities, Weirdness & Mutations

You reflexively headbutt those who attack you in melee.
You have a pair of horns on your head.


Message History

* * * LOW HITPOINT WARNING * * *
There is a stone staircase leading up here.
You feel sick.
The naga sharpshooter spits poison at you.
The splash of poison hits you!
You are lethally poisoned!
You resist.
You climb upwards.
* * * LOW HITPOINT WARNING * * *
You feel sick.
There is a stone staircase leading down here.
Quiver which item? (- for none, * to show all) (? for menu, Esc to quit)
Okay, then.
You feel better.
The naga sharpshooter casts a spell.
The naga sharpshooter magically shoots an arrow.
The arrow hits you.
* * * LOW HITPOINT WARNING * * *
The naga sharpshooter shoots an arrow.
The arrow hits you!!
You die...

#...##....#...##.###....#
##....#.########....#....#
##.....#.......#.........##
#....####........)...#...#
....##..########.....#####
..........#....##)####..#
##.###....#........#....#
.....##...#....รท........#
#.....##.##...)>@.##....# #
#......###.......N#..).## ##
).......#.......###....# ### #.
#.......######.##.##...# #.## ##
#...........)......#.######..###.
##....(...#......#.#.#....#....#.
.#........#[>....#.#.##........##
.##......##......###..#...###...#
..#.....##.......#....#.....##...


You could see a naga sharpshooter.

Vanquished Creatures
  Nikola (Swamp:4)
  A tentacled monstrosity (Swamp:1)
  A tentacled starspawn (Abyss:3)
  Kirke (D:14)
  Gastronok (D:11)
  The ghost of GsBirdie the Severer, a journeyman MiBe of Trog (Orc:2)
  A balrug (Abyss:3)
  Aizul (Snake:1)
  An orc warlord (Orc:2)
  A very ugly thing (Swamp:2)
  An ettin (D:14)
  Josephine (Swamp:1)
  A minotaur (Lab)
  A rakshasa (D:14)
  Fannar (D:11)
  22 hydras
  A vault guard (D:14)
  5 anacondas
  A ghost crab (Swamp:2)
  A merfolk avatar (Lair:6)
  12 alligators
  2 death knights (D:15)
  3 centaur warriors
  A dancing weapon (Abyss:3)
  The ghost of Narqulie the Blocker, a novice MiFi of Okawaru (D:10)
  Erica (Lair:2)
  3 tengu warriors
  7 death yaks
  The ghost of GsBirdie the Severer, a novice MiBe of Trog (Lair:1)
  A naga sharpshooter (Snake:2)
  6 orc high priests (Orc:2)
  3 thrashing horrors (Abyss:3)
  5 shock serpents
  3 deep elf knights
  7 spriggans
  A wretched star (Abyss:3)
  The ghost of GsBirdie the Cleaver, a novice MiBe of Trog (D:6)
  2 unseen horrors (D:14)
  An orange crystal statue (Snake:1)
  7 skeletal warriors
  A deep elf archer (Elf:1)
  2 sea snakes (Lair:6)
  6 swamp dragons
  2 spriggan druids
  A flayed ghost (Abyss:3)
  5 hill giants
  6 shambling mangroves
  2 naga ritualists
  2 wolf spiders (D:14)
  18 deep elf magi
  A harpy (Lair:6)
  An oklob plant (Swamp:2)
  6 orc knights
  4 salamanders
  3 mana vipers
  17 ugly things
  8 cyclopes
  6 orc sorcerers
  2 manticores
  22 black mambas
  A guardian serpent (Snake:1)
  3 elephants (Lair:6)
  A smoke demon (Abyss:3)
  A torpor snail (Lair:6)
  4 naga magi
  The ghost of SaltIsReal the Grappler, a novice VSMo of Dithmenos (D:5)
  A gargoyle (D:14)
  16 spiny frogs
  A centaur skeleton (D:15)
  An efreet (D:13)
  7 rime drakes
  12 komodo dragons
  A yaktaur (D:15)
  3 freezing wraiths
  A komodo dragon (shapeshifter) (D:14)
  2 ancient zymes (Abyss:3)
  A hellwing (Abyss:3)
  12 trolls
  3 two-headed ogres
  5 polar bears (Lair:6)
  24 hornets
  A queen bee (shapeshifter) (D:14)
  A merfolk (shapeshifter) (D:14)
  2 wind drakes (Lair:6)
  6 tyrant leeches
  A dream sheep (shapeshifter) (Elf:1)
  14 blink frogs
  9 bog bodies
  8 slime creatures
  A meliai zombie (D:14)
  4 raiju (Abyss:3)
  12 hippogriffs
  A centaur simulacrum (D:15)
  8 shadows
  2 air elementals
  36 yaks
  A human (shapeshifter) (D:15)
  5 wyverns
  2 basilisks
  11 wraiths
  Grum (D:11)
  A hog (D:14)
  3 hungry ghosts
  A neqoxec (Abyss:3)
  3 steam dragons
  10 vampire mosquitoes
  3 insubstantial wisps (Swamp:3)
  20 swamp worms
  5 large abominations (Abyss:3)
  3 mottled dragons
  Edmund (D:4)
  4 wargs
  12 nagas
  2 soldier ants
  5 hell hounds (Abyss:3)
  23 water moccasins
  6 porcupines
  The ghost of Gobser the Covert, an amateur SpAs of Yredelemnul (D:4)
  2 sky beasts
  13 swamp drakes
  A black bear (Lair:2)
  5 ice beasts
  2 phantoms
  A necrophage (D:11)
  40 orc warriors
  12 ogres
  An eye of draining (D:8)
  A swamp dragon skeleton (Abyss:3)
  26 wolves
  23 centaurs
  12 crocodiles
  3 big kobolds
  2 small abominations (Abyss:3)
  22 bullfrogs
  An earth elemental (Elf:1)
  2 wyvern skeletons
  2 scorpions (D:8)
  5 killer bees (D:7)
  6 wights
  7 howler monkeys
  An electric eel (D:13)
  8 crimson imps
  2 quasits
  2 centaur zombies
  4 starcursed masses (Abyss:3)
  A bullfrog zombie (D:13)
  4 bullfrog skeletons
  14 orc priests
  6 hounds
  A jelly (D:6)
  24 orc wizards
  11 worker ants
  Natasha (thrice) (D:2)
  4 iguanas
  A hound zombie (D:7)
  4 gnolls (D:8)
  2 worker ant zombies (D:11)
  19 adders
  4 shadow imps
  2 oozes
  An adder zombie (D:7)
  An adder skeleton (D:5)
  4 worms
  2 dart slugs (D:1)
  6 leopard geckos
  83 orcs
  4 ball pythons
  5 bats
  A bat zombie (D:5)
  7 giant cockroaches
  12 goblins
  10 hobgoblins
  17 jackals
  5 quokkas
  7 frilled lizards
  A jackal skeleton (D:7)
  17 kobolds
  A quokka skeleton (D:7)
  6 rats
  11 fungi
  13 plants
  A starspawn tentacle (Abyss:3)
1079 creatures vanquished.

Vanquished Creatures (collateral kills)
  2 wretched stars (Abyss:3)
  A spriggan druid (Swamp:4)
  A swamp dragon (Swamp:4)
  An efreet (Abyss:3)
  2 red devils (Abyss:3)
  A raiju (Abyss:3)
  2 ynoxinuls (Abyss:3)
  A chaos spawn (Abyss:3)
  4 swamp drakes (Swamp:4)
  An eye of draining (Abyss:3)
  An iron imp (Abyss:3)
17 creatures vanquished.

Vanquished Creatures (others)
  Vashnia (Snake:2)
  A centaur zombie (D:13)
  A centaur skeleton (D:14)
  A spiny frog (Swamp:4)
  A bog body (Swamp:4)
  6 humans (D:14)
  A worker ant (D:14)
  A quokka (D:15)
  A bush (Lair:6)
  16 fungi
  44 plants
  A starspawn tentacle (Abyss:3)
75 creatures vanquished.

Grand Total: 1171 creatures vanquished

Notes
Turn   | Place    | Note
-------+----------+-------------------------------------------
     0 | D:1      | ennui the Minotaur Berserker began the quest for the Orb.
     0 | D:1      | Reached XP level 1. HP: 19/19 MP: 0/0
   411 | D:1      | Reached XP level 2. HP: 25/27 MP: 1/1
   414 | D:1      | Reached skill level 4 in Axes
   977 | D:2      | Reached XP level 3. HP: 31/33 MP: 2/2
  1109 | D:2      | Reached skill level 5 in Axes
  1349 | D:2      | Reached ** piety under Trog
  1514 | D:2      | Noticed Natasha
  1520 | D:2      | Killed Natasha
  1520 | D:2      | Reached XP level 4. HP: 29/40 MP: 3/3
  1601 | D:2      | Found a glowing silver altar of Zin.
  1837 | D:2      | Noticed Natasha
  1844 | D:2      | Killed Natasha
  1844 | D:2      | Reached skill level 6 in Axes
  1958 | D:2      | Noticed Natasha
  1964 | D:2      | Killed Natasha
  2037 | D:2      | Reached XP level 5. HP: 43/46 MP: 2/4
  2239 | D:3      | Found a hide-covered altar of Uskayaw.
  2405 | D:3      | Reached skill level 7 in Axes
  2548 | D:3      | Found a shattered altar of Ashenzari.
  2901 | D:4      | Noticed Edmund
  2983 | D:4      | Reached *** piety under Trog
  2998 | D:4      | Noticed Gobser's ghost (amateur SpAs)
  3006 | D:4      | Killed Gobser's ghost
  3006 | D:4      | Reached skill level 8 in Axes
  3006 | D:4      | Reached XP level 6. HP: 52/52 MP: 5/5
  3342 | D:4      | Killed Edmund
  3342 | D:4      | Reached skill level 9 in Axes
  3445 | D:4      | Reached XP level 7. HP: 57/58 MP: 6/6
  3673 | D:5      | Entered Level 5 of the Dungeon
  3952 | D:5      | Found an ancient bone altar of Kikubaaqudgha.
  4024 | D:5      | Noticed SaltIsReal's ghost (novice VSMo)
  4043 | D:5      | Killed SaltIsReal's ghost
  4043 | D:5      | Reached skill level 11 in Axes
  4344 | D:5      | Found a bloodstained altar of Trog.
  4408 | D:5      | Got a vibrating silver amulet
  4625 | D:5      | Reached XP level 8. HP: 66/66 MP: 7/7
  5161 | D:6      | Noticed GsBirdie's ghost (novice MiBe)
  5178 | D:6      | Killed GsBirdie's ghost
  5178 | D:6      | Reached skill level 13 in Axes
  5925 | D:7      | Got a translucent ring mail
  5945 | D:7      | Reached XP level 9. HP: 53/71 MP: 6/8
  6106 | D:7      | Found a shimmering altar of Xom.
  6243 | D:7      | Found a staircase to the Ecumenical Temple.
  6370 | D:7      | Reached **** piety under Trog
  6372 | D:7      | Reached skill level 14 in Axes
  6458 | D:7      | Found a radiant altar of Vehumet.
  6464 | D:7      | Found a hazy altar of Hepliaklqana.
  6793 | D:7      | Found a deep blue altar of Sif Muna.
  6876 | Temple   | Entered the Ecumenical Temple
  6927 | Temple   | Identified the +1 ring mail of the Imp {*Corrode rF++} (You found it on level 7 of the Dungeon)
  7019 | D:8      | Found an iron altar of Okawaru.
  7047 | D:8      | Found Dezuz's Distillery.
  7053 | D:8      | Bought a potion of lignification for 45 gold pieces
  7053 | D:8      | Bought a potion of mutation for 37 gold pieces
  7198 | D:8      | Reached skill level 15 in Axes
  7244 | D:8      | Identified the amulet "Xewk" {Spirit rF++ rN+ Str+2} (You found it on level 5 of the Dungeon)
  7771 | D:8      | Found Ytittor's Antique Weapon Emporium.
  7836 | D:8      | Found Bigilich's Assorted Antiques.
  7970 | D:8      | Found Wyraog's Book Shoppe.
  8053 | D:9      | Received a gift from Trog
  8183 | D:9      | Found a flagged portal.
  8194 | Bailey   | Entered a bailey
  8195 | Bailey   | Noticed an orc knight
  8195 | Bailey   | Noticed an orc knight
  8195 | Bailey   | Noticed an orc knight
  8329 | D:9      | Reached skill level 16 in Axes
  8622 | D:9      | Reached XP level 10. HP: 78/78 MP: 7/9
  9255 | D:9      | Reached ***** piety under Trog
  9331 | D:9      | Reached skill level 17 in Axes
  9682 | D:10     | Entered Level 10 of the Dungeon
  9848 | D:10     | Noticed Narqulie's ghost (novice MiFi)
  9892 | D:10     | Killed Narqulie's ghost
 10584 | D:11     | Noticed Fannar
 10584 | D:11     | Noticed a cyclops
 10650 | D:11     | Reached skill level 18 in Axes
 10674 | D:11     | Killed Fannar
 10685 | D:11     | Killed a cyclops
 11029 | D:11     | Reached XP level 11. HP: 83/83 MP: 10/10
 11035 | D:11     | Found a staircase to the Lair.
 11073 | D:11     | Noticed Grum
 11154 | D:11     | Killed Grum
 11331 | D:11     | Upgraded the game from 0.20-a0-4-gd166d5d to 0.20-a0-9-g62d82d9
 11398 | D:11     | Noticed a seven-headed hydra
 11427 | D:11     | Killed a five-headed hydra
 11427 | D:11     | Reached skill level 19 in Axes
 12209 | D:11     | Noticed Gastronok
 12218 | D:11     | Killed Gastronok
 12218 | D:11     | Reached skill level 20 in Axes
 12920 | D:12     | Noticed a deep elf mage
 12925 | D:12     | Killed a deep elf mage
 12925 | D:12     | Reached skill level 5 in Fighting
 12929 | D:12     | Found a staircase to the Orcish Mines.
 13349 | D:12     | Noticed a brown ugly thing
 13357 | D:12     | Killed a brown ugly thing
 13487 | D:12     | Noticed a hill giant
 13495 | D:12     | Killed a hill giant
 13495 | D:12     | Reached XP level 12. HP: 82/100 MP: 8/11
 14746 | D:11     | Received a gift from Trog
 14807 | D:11     | Reached skill level 10 in Fighting
 14907 | Lair:1   | Entered Level 1 of the Lair of Beasts
 15770 | Lair:2   | Received a gift from Trog
 15906 | Lair:2   | Noticed Erica
 15912 | Lair:2   | Killed Erica
 17251 | Lair:3   | Found a labyrinth entrance.
 17263 | Lab      | Entered a labyrinth
 17388 | Lab      | Noticed a minotaur
 17396 | Lab      | Killed a minotaur
 17546 | Lab      | Got a bound pewter ring
 17564 | Lab      | Got a scorched battleaxe
 17565 | Lab      | Identified the cursed +1 battleaxe "Wusuwn" {chop, rElec} (You found it in a labyrinth)
 17644 | D:11     | Identified the ring of Ararusih {rF+ Str+3} (You took it off a minotaur in a labyrinth)
 17850 | Lair:3   | Noticed a death yak
 17850 | Lair:3   | Noticed a death yak
 17851 | Lair:3   | Noticed a death yak
 17880 | Lair:2   | Killed a death yak
 17880 | Lair:2   | Reached skill level 1 in Throwing
 17884 | Lair:3   | Killed a death yak
 17888 | Lair:3   | Noticed a death yak
 17924 | Lair:2   | Killed a death yak
 17924 | Lair:2   | Reached XP level 13. HP: 59/122 MP: 6/12
 18320 | Lair:3   | Found a staircase to the Swamp.
 19027 | Lair:3   | Got an encrusted dire flail
 19028 | Lair:3   | Identified the +7 dire flail of Conformity {pain, rC- Int+7 Dex+5} (You found it on level 3 of the Lair of Beasts)
 19598 | Lair:4   | Received a gift from Trog
 19645 | Lair:4   | Reached skill level 15 in Fighting
 20125 | Lair:4   | Found a staircase to the Snake Pit.
 22060 | Lair:6   | Entered Level 6 of the Lair of Beasts
 23181 | Lair:6   | Upgraded the game from 0.20-a0-9-g62d82d9 to 0.20-a0-11-ga97c7b5
 23812 | Lair:6   | Received a gift from Trog
 24197 | Lair:6   | Reached XP level 14. HP: 123/141 MP: 10/13
 25557 | Lair:6   | Reached skill level 21 in Axes
 25873 | Lair:6   | Paralysed by a hornet for 3 turns
 25990 | Lair:6   | Found a staircase to the Slime Pits.
 26113 | Lair:6   | Upgraded the game from 0.20-a0-11-ga97c7b5 to 0.20-a0-15-g26ddc15
 27058 | D:13     | Received a gift from Trog
 27544 | D:13     | Found a blossoming altar of Fedhas.
 27960 | D:13     | Reached skill level 22 in Axes
 28511 | Orc:1    | Entered Level 1 of the Orcish Mines
 29534 | Orc:2    | Entered Level 2 of the Orcish Mines
 30173 | Orc:2    | Found Deroyklym's Antique Weapon Boutique.
 30650 | Orc:2    | Received a gift from Trog
 30918 | Orc:2    | Noticed GsBirdie's ghost (journeyman MiBe)
 31062 | Orc:2    | Killed GsBirdie's ghost
 31169 | Orc:2    | Reached XP level 15. HP: 145/149 MP: 12/14
 31346 | Orc:2    | Found Ecyc's Jewellery Boutique.
 31472 | Orc:2    | Reached skill level 23 in Axes
 31827 | Orc:2    | Noticed an orc warlord
 31835 | Orc:2    | Killed an orc warlord
 31905 | Orc:2    | Found Lunaenn's General Store.
 32146 | Orc:2    | Found a staircase to the Elven Halls.
 32891 | Orc:2    | Found Nesic's Antique Armour Emporium.
 32978 | Orc:1    | Received a gift from Trog
 33465 | Orc:2    | Bought a polished plate armour for 980 gold pieces
 33465 | Orc:2    | Identified the cursed +0 plate armour of Repulsion {rC+ MR- Dex+2 Stlth+} (You bought it in a shop on level 2 of the Orcish Mines)
 33466 | Orc:2    | Bought a jade-encrusted chain mail for 332 gold pieces
 33466 | Orc:2    | Bought a shiny chain mail for 367 gold pieces
 33466 | Orc:2    | Identified the cursed +1 chain mail "Hosmoufor" {Int+4} (You bought it in a shop on level 2 of the Orcish Mines)
 33528 | Orc:2    | Bought a dazzling battleaxe for 299 gold pieces
 33528 | Orc:2    | Identified the +4 battleaxe of Cot Feu {chop, MR+ Dex+2} (You bought it in a shop on level 2 of the Orcish Mines)
 33688 | Elf:1    | Entered Level 1 of the Elven Halls
 33862 | Elf:1    | Received a gift from Trog
 34012 | Elf:1    | Found Cipt's Antique Weapon Emporium.
 34251 | Elf:1    | Upgraded the game from 0.20-a0-15-g26ddc15 to 0.20-a0-16-g0876c8e
 34406 | Elf:1    | Reached ****** piety under Trog
 35276 | D:13     | Reached skill level 24 in Axes
 35515 | D:14     | Noticed Kirke
 35559 | D:14     | Killed Kirke
 36416 | D:14     | Received a gift from Trog
 36677 | D:14     | Found a gate to the Vaults.
 36679 | D:14     | Upgraded the game from 0.20-a0-16-g0876c8e to 0.20-a0-17-g69bea3c
 37045 | D:15     | Entered Level 15 of the Dungeon
 37512 | D:14     | Reached skill level 25 in Axes
 37938 | D:15     | Found a blossoming altar of Fedhas.
 38715 | D:15     | Reached XP level 16. HP: 133/157 MP: 12/15
 39605 | D:15     | Found a staircase to the Depths.
 39908 | D:15     | Found a white marble altar of Elyvilon.
 40248 | D:15     | Received a gift from Trog
 40788 | Swamp:1  | Entered Level 1 of the Swamp
 41362 | Swamp:1  | Noticed Josephine
 41372 | Swamp:1  | Killed Josephine
 41486 | Swamp:1  | Found a runed door.
 41486 | Swamp:1  | Noticed a tentacled monstrosity
 41850 | Swamp:1  | Killed a tentacled monstrosity
 41850 | Swamp:1  | Reached skill level 26 in Axes
 42181 | Swamp:1  | You fall through a shaft!
 43988 | Swamp:2  | Received a gift from Trog
 43994 | Swamp:2  | Cast into level 3 of the Abyss (a distortion unwield)
 44219 | Abyss:3  | Reached skill level 5 in Armour
 44346 | Abyss:3  | HP: 10/216 [burnt (1)]
 44346 | Abyss:3  | HP: 2/216 [red devil/demon trident[a balrug] (9)]
 44681 | Abyss:3  | Noticed a tentacled starspawn
 44692 | Abyss:3  | Killed a tentacled starspawn
 44749 | Abyss:3  | Noticed a bone dragon
 44784 | Swamp:2  | Escaped the Abyss
 45598 | Swamp:3  | Received a gift from Trog
 45610 | Swamp:3  | Reached XP level 17. HP: 124/168 MP: 3/16
 46108 | Swamp:3  | Reached skill level 10 in Armour
 46823 | Swamp:4  | Entered Level 4 of the Swamp
 48110 | Swamp:4  | Received a gift from Trog
 48248 | Swamp:4  | Got a decaying rune of Zot
 48322 | Swamp:4  | Noticed Nikola
 48338 | Swamp:4  | Killed Nikola
 48823 | Swamp:4  | Noticed Mara
 48824 | Swamp:4  | Noticed ennui's illusion
 49037 | Swamp:4  | Noticed ennui's illusion
 49228 | Swamp:4  | Noticed ennui's illusion
 49322 | Swamp:4  | Noticed ennui's illusion
 49692 | Swamp:3  | Noticed ennui's illusion
 49896 | Swamp:3  | Noticed ennui's illusion
 50639 | Swamp:3  | Noticed ennui's illusion
 50957 | Lair:1   | Noticed GsBirdie's ghost (novice MiBe)
 50966 | Lair:1   | Killed GsBirdie's ghost
 51121 | Snake:1  | Entered Level 1 of the Snake Pit
 51763 | Snake:1  | Noticed Aizul
 51777 | Snake:1  | Killed Aizul
 52115 | Snake:1  | Got a faintly humming robe
 53154 | Snake:1  | Lost intelligence.
 53163 | Snake:1  | Reached skill level 15 in Armour
 54187 | Snake:2  | Found Onan's Food Emporium.
 54295 | Snake:2  | Upgraded the game from 0.20-a0-17-g69bea3c to 0.20-a0-19-gd4fea00
 54378 | Snake:2  | Noticed Vashnia
 54393 | Snake:2  | Killed Vashnia
 54393 | Snake:2  | Reached XP level 18. HP: 38/176 MP: 17/17
 54398 | Snake:2  | HP: 2/176 [naga sharpshooter/arrow[Vashnia] (9)]
 54401 | Snake:1  | Shot with an arrow by a naga sharpshooter

Vault maps used:
D:1:      minmay_arrival_glassed_features, serial_park_tiny_1
D:2:      zin_treasury, uniq_natasha
D:3:      cheibrodos_ashenzari_chains, eat_drink_and_be_merry_uskayaw,
          first_bread
D:4:      kennysheep_potato, uniq_edmund
D:5:      lemuel_zombie_altar_kikubaaqudgha, bloody_trog
D:7:      lemuel_doored_altar, lemuel_coloured_pillars_altar,
          overflow_temple_1_default, basic_altar
D:8:      okawaru_metal_pillars_1_2, serial_shops, nicolae_shop_behind_doors,
          nicolae_shop_trees, shop_statue, nicolae_shop_window_shopping
D:9:      enter_bailey_3, blue_anna_alchemist
D:11:     dpeg_oklobed_lair, uniq_gastronok, uniq_grum, uniq_fannar
D:12:     david_orc_1_choice
D:13:     fedhas_altar_4
D:14:     david_vaults_5, hangedman_decor_lopped, nicolae_wwwww, uniq_kirke
D:15:     hangedman_depths_entry_civil_slaughter, basic_altar, elyvilon_altar_4
Temple:   nicolae_temple_god_jail
Lair:1:   serial_bayou_shore_a
Lair:2:   uniq_erica
Lair:3:   minmay_swamp_entry_worms, lab_entry_generic
Lair:4:   minmay_snake_entry_six_corridors, minivault_11, lemuel_fruit_tree
Lair:6:   gammafunk_lair_ancient_temple, slime_dummy, infiniplex_staircase_pool
Swamp:1:  cheibrodos_swamp_sealed, hangedman_swamp_ruin_wall, swamp_pool2,
          uniq_josephine
Swamp:2:  evilmike_swamp_ruin_house_1, swamp_pool3,
          nicolae_swamp_oklob_treasure_island
Swamp:3:  evilmike_swamp_ruin_house_2
Swamp:4:  swamp, portal_ice_cave_entry_ice_statue_one, uniq_mara, uniq_nikola
Snake:1:  st_stairs_13, dpeg_stationary_puzzle, uniq_aizul
Snake:2:  serial_shops, shop, grunt_megastairs_2, uniq_vashnia
Orc:2:    grunt_orc_gardens, grunt_orc_garden, grunt_orc_garden,
          grunt_orc_garden, grunt_orc_garden
Elf:1:    serial_shops, nicolae_shop_behind_doors, shop_fountains,
          minmay_elf_necromancy
Abyss:3:  patterned_corridor, nicolae_abyss_rune_star_stuff
Lab:      labyrinth_watery
Bailey:   bailey_polearm_4, bailey

Skill      XL: |  1  2  3  4  5  6  7  8  9 10 11 12 13 14 15 16 17 |
---------------+----------------------------------------------------+-----
Axes           | 4 5 6 8 9 11 13 16 18 20 22 25 26 | 26.0
Fighting       | 7 13 17 18 19 | 19.0
Throwing       | 3 |  3.4
Armour         | 9 16 | 16.2
Dodging        | |  2.2

Action                   |  1- 3 |  4- 6 |  7- 9 | 10-12 | 13-15 | 16-18 || total
-------------------------+-------+-------+-------+-------+-------+-------++-------
Melee: Hand axe          |    69 |   107 |   155 |       |       |       ||   331
       Headbutt          |    10 |    14 |    48 |    92 |   177 |   149 ||   490
       War axe           |       |       |    95 |   398 |    48 |    62 ||   603
       Mace              |       |       |    32 |       |       |       ||    32
       Battleaxe         |       |       |    25 |    46 |   449 |    44 ||   564
       Glaive            |       |       |       |     3 |       |       ||     3
       Executioner's axe |       |       |       |       |   411 |   576 ||   987
       Dire flail        |       |       |       |       |     9 |       ||     9
 Fire: Arbalest          |       |       |       |     4 |       |       ||     4
Throw: Stone             |    56 |    79 |   185 |    92 |   361 |   253 ||  1026
       Javelin           |       |    13 |    31 |    35 |   183 |    48 ||   310
       Tomahawk          |       |       |     6 |    54 |    81 |    78 ||   219
Invok: Trog's Hand       |       |     3 |       |     3 |     1 |       ||     7
       Berserk           |       |     2 |     4 |     8 |     6 |     5 ||    25
       Burn Spellbooks   |       |       |     1 |     2 |     1 |     1 ||     5
       Brothers in Arms  |       |       |       |       |       |     4 ||     4
 Abil: Evoke Flight      |       |       |       |       |     5 |    31 ||    36
       Evoke Invisibilit |       |       |       |       |       |     1 ||     1
Evoke: Wand              |       |       |     1 |     3 |     6 |     4 ||    14
  Use: Scroll            |       |       |     4 |    20 |    16 |    18 ||    58
       Potion            |       |       |       |    14 |     2 |     5 ||    21
 Stab: Distracted        |       |       |       |     1 |     1 |     1 ||     3
  Eat: Chunk             |     2 |     9 |    17 |    26 |    65 |    15 ||   134
       Pizza             |       |       |     1 |     2 |       |     1 ||     4
       Bread ration      |       |       |       |     2 |     1 |     8 ||    11
       Royal jelly       |       |       |       |     1 |       |       ||     1
       Meat ration       |       |       |       |       |     1 |     2 ||     3
       Beef jerky        |       |       |       |       |       |     1 ||     1
Armor: Animal skin       |     9 |       |       |       |       |       ||     9
       Leather armour    |     2 |     1 |       |       |       |       ||     3
       Ring mail         |       |    19 |    14 |     1 |       |       ||    34
       Scale mail        |       |    10 |    51 |       |       |       ||    61
       Chain mail        |       |       |    43 |   147 |   351 |   335 ||   876
       Skin              |       |       |       |    18 |       |       ||    18
       Robe              |       |       |       |       |     4 |       ||     4
Dodge: Dodged            |    42 |    45 |    77 |   158 |   307 |   246 ||   875
Block: Other             |       |       |       |       |    88 |    43 ||   131
       Reflection        |       |       |       |       |    13 |     3 ||    16
